 Dungeon Crawl Stone Soup version 0.22-a0-348-gd16d139 (console) character file.

4 Goblin1989 the Insei (level 1, 0/15 HPs)
             Began as a Demonspawn Transmuter on Apr 10, 2018.
             Slain by a hobgoblin (2 damage)
             ... on level 1 of the Dungeon on Apr 11, 2018.
             The game lasted 00:01:18 (390 turns).

Goblin1989 the Insei (Demonspawn Transmuter)         Turns: 390, Time: 00:01:18

Health: 0/15       AC:  2    Str: 10    XL:     1   Next: 50%
Magic:  3/3        EV: 12    Int: 14    God:
Gold:   29         SH:  0    Dex: 13    Spells: 3/4 levels left

rFire    . . .     SeeInvis .     - Unarmed
rCold    . . .     Gourm    .   (no shield)
rNeg     . . .     Faith    .   b - +0 robe
rPois    .         Spirit   .   (no helmet)
rElec    .         Reflect  .   (no cloak)
rCorr    .         Harm     .   (no gloves)
MR       .....                  (no boots)
Stlth    +.........             (no amulet)
HPRegen  0.05/turn              (no ring)
MPRegen  0.08/turn              (no ring)

@: no status effects
A: no striking features
a: no special abilities


You were on level 1 of the Dungeon.
You were not hungry.

You visited 1 branch of the dungeon, and saw 1 of its levels.

You collected 29 gold pieces.

Inventory:

Missiles
 a - 30 arrows
Armour
 b - a +0 robe (worn)
Scrolls
 f - a scroll of remove curse {unknown}
 g - a scroll of enchant weapon {unknown}
Comestibles
 e - 2 rations


   Skills:
 - Level 1.0 Fighting
 - Level 1.7 Dodging
 - Level 2.6 Unarmed Combat
 - Level 2.0 Spellcasting
 + Level 2.1 Transmutations


You had 3 spell levels left.
You knew the following spells:

 Your Spells              Type           Power        Failure   Level  Hunger
a - Beastly Appendage     Tmut           #.....       10%         1    ##.....


Dungeon Overview and Level Annotations

Branches:
Dungeon (1/15)

Altars:


Message History

The kobold shouts!
A kobold comes into view. It is wielding a club.
The kobold shouts!
The kobold hits you with a dagger.
Found a stone staircase leading down.
You take 1 damage, and have 14/15 hp.
You hit the kobold.
The kobold is severely wounded.
The kobold hits you but does no damage.
You closely miss the kobold.
The kobold is severely wounded.
The kobold misses you.
You hit the kobold.
You kill the kobold!
Your Transmutations skill increases to level 2!
There is an open door here.
The kobold barely misses you.
You hit the kobold but do no damage. The kobold hits you but does no damage.
You hit the kobold.
You kill the kobold!
No target in view!
No target in view!
No target in view!
No target in view!
No target in view!
No target in view!
No target in view!
No target in view!
No target in view!
No target in view!
No target in view!
No target in view!
No target in view!
No target in view!
No target in view!
No target in view!
No target in view!
Things that are here:
a club; a kobold corpse
Things that are here:
a dagger; a kobold corpse You found a teleport trap!
Health restored: 15 As you open the door, it creaks loudly!
There is an open door here.
You now have 29 gold pieces (gained 7).
A ball python and a hobgoblin come into view.
There are monsters nearby!
There are monsters nearby!
The hobgoblin shouts!
The ball python hisses angrily.
The hobgoblin closely misses you.
You closely miss the ball python. The ball python bites you.
The ball python completely misses you. The hobgoblin barely misses you.
You take 1 damage, and have 14/15 hp.
You barely miss the ball python. The ball python bites you.
The ball python grabs you. The ball python constricts you.
The hobgoblin hits you.
You take 5 damage, and have 9/15 hp.
MASSIVE DAMAGE!!
You are too injured to fight recklessly!
You are too injured to fight recklessly!
You are too injured to fight recklessly!
You are too injured to fight recklessly!
You are too injured to fight recklessly!
You are too injured to fight recklessly!
You are too injured to fight recklessly!
You are too injured to fight recklessly!
You are too injured to fight recklessly!
You are too injured to fight recklessly!
You are too injured to fight recklessly!
You are too injured to fight recklessly!
You are too injured to fight recklessly!
You are too injured to fight recklessly!
You are too injured to fight recklessly!
You are too injured to fight recklessly!
You are too injured to fight recklessly!
You are too injured to fight recklessly!
You are too injured to fight recklessly!
You are too injured to fight recklessly!
You are too injured to fight recklessly!
You are too injured to fight recklessly!
You are too injured to fight recklessly!
Unknown command.
You barely miss the ball python. The ball python closely misses you.
The ball python constricts you. The hobgoblin closely misses you.
The ball python bites you but does no damage.
The ball python constricts you.
You take 2 damage, and have 7/15 hp.
You hit the ball python.
You kill the ball python!
The hobgoblin hits you.
* * * LOW HITPOINT WARNING * * *
You take 3 damage, and have 4/15 hp.
The hobgoblin hits you.
* * * LOW HITPOINT WARNING * * *
You see here a ball python corpse.
You take 2 damage, and have 2/15 hp.
You barely miss the hobgoblin. The hobgoblin barely misses you.
You closely miss the hobgoblin. The hobgoblin closely misses you.
You barely miss the hobgoblin. The hobgoblin hits you.
You die...

.................>..████)█
███.....█████████████ █.█
█.....███████ ███████∆█
█...........█ █........
█...........█ █........
█...........█ █........
█...........█ █........
█...........█ █........
.........@g...█ █........
....$.........█ █........
..............█ █........
███████..%....█ █........


█████████ ███████∆█ ████████████████.█ █................█ █......███████████
█......█.........█ You could see a hobgoblin.

Vanquished Creatures
  A ball python (D:1)
  A hobgoblin (D:1)
  2 kobolds (D:1)
4 creatures vanquished.

Notes
Turn   | Place    | Note
-------+----------+-------------------------------------------
     0 | D:1      | Goblin1989 the Demonspawn Transmuter began the quest for the Orb.
     0 | D:1      | Reached XP level 1. HP: 15/15 MP: 3/3
     0 | D:1      | Goblin1989: !hs * dstm
     0 | D:1      | beem: 35141. Charly the Sensei (L27 DsTm of Cheibriados), escaped with the Orb and 15 runes on 2015-05-08 17:31:45, with 39444012 points after 37034 turns and 14:22:48.
     0 | D:1      | Goblin1989: !hs * dstm -log
     0 | D:1      | beem: 35141. Charly, XL27 DsTm, T:37034: https://crawl.xtahua.com/crawl/morgue/Charly/morgue-Charly-20150508-173145.txt
   390 | D:1      | Slain by a hobgoblin

Vault maps used:
D:1:      giann_forest_graveyard

Skill      XL: |  1 |
---------------+----+-----
Transmutations | 2 |  2.1
Fighting       | |  1.0
Dodging        | |  1.7
Unarmed Combat | |  2.6
Spellcasting   | |  2.0

Action                   || total
-------------------------++-------
Melee: Unarmed           ||    21
Armor: Robe              ||     2
Dodge: Dodged            ||    13

Table legend:
 A = Spawn XP
 B = Non-spawn XP
 C = Spawn XP percentage of total XP
 D = Spawn monster count
 E = Non-spawn monster count
 F = Spawn count percentage of total count
 G = Total turns spent on level
                    A         B        C        D         E        F      G
               +---------+---------+-------+---------+---------+-------+---------
         Total |       0 |       6 |   0.0 |       0 |       4 |   0.0 |   390
               +---------+---------+-------+---------+---------+-------+---------
           D:1 |       0 |       6 |   0.0 |       0 |       4 |   0.0 |   390
               +---------+---------+-------+---------+---------+-------+---------

Vault maps used:
D:1:      giann_forest_graveyard
